 Dungeon Crawl Stone Soup version 0.23.0 (webtiles) character file.

Game seed: 11379566989554335366

280 McKennaii the Shield-Bearer (level 6, -1/48 HPs)
             Began as a Demonspawn Fighter on Feb 8, 2019.
             Was an Initiate of Makhleb.
             Slain by a centaur (5 damage)
             ... on level 5 of the Dungeon.
             The game lasted 00:04:24 (3575 turns).

McKennaii the Shield-Bearer (Demonspawn Fighter)    Turns: 3575, Time: 00:04:25

Health: -1/48      AC:  8    Str: 18    XL:     6   Next: 5%
Magic:  6/6        EV:  9    Int: 10    God:    Makhleb [......]
Gold:   208        SH: 10    Dex: 17    Spells: 5/5 levels left

rFire    . . .     SeeInvis .   a - +0 long sword
rCold    + . .     Gourm    .   c - +0 shield
rNeg     . . .     Faith    .   b - +0 scale mail
rPois    .         Spirit   .   (no helmet)
rElec    .         Reflect  .   (no cloak)
rCorr    .         Harm     .   q - +0 pair of gloves
MR       .....                  (no boots)
Stlth    ..........             (no amulet)
HPRegen  0.16/turn              j - +5 ring of dexterity
MPRegen  0.10/turn              (no ring)

@: no status effects
A: hooves 1, repulsion field 1, cold resistance 1
a: Renounce Religion


You were on level 5 of the Dungeon.
You worshipped Makhleb.
Makhleb was noncommittal.
You were not hungry.

You visited 2 branches of the dungeon, and saw 6 of its levels.

You collected 208 gold pieces.

Inventory:

Hand Weapons
 a - a +0 long sword (weapon)
Armour
 b - a +0 scale mail (worn)
 c - a +0 shield (worn)
 q - a +0 pair of gloves (worn)
Jewellery
 j - a +5 ring of dexterity (left hand)
 s - an uncursed amulet of harm {unknown}
 t - an uncursed amulet of the acrobat {unknown}
Wands
 d - a wand of acid (5)
 k - a wand of flame (16)
Scrolls
 e - 3 scrolls of enchant armour {unknown}
 i - 5 scrolls of teleportation {unknown}
 l - 2 scrolls of immolation {unknown}
 m - 5 scrolls of identify {unknown}
 o - 5 scrolls of remove curse {unknown}
 r - a scroll of enchant weapon {unknown}
 u - 2 scrolls of fog {unknown}
Potions
 g - 2 potions of brilliance {unknown}
 h - 2 potions of mutation {unknown}
 n - 2 potions of heal wounds {unknown}
 p - a potion of degeneration {unknown}
 v - a potion of lignification {unknown}
Comestibles
 f - 6 rations


   Skills:
 + Level 3.8 Fighting
 + Level 3.5 Long Blades
 + Level 3.5 Armour
 + Level 0.8 Dodging
 + Level 0.3 Stealth
 + Level 3.9 Shields


You had 5 spell levels left.
You didn't know any spells.
Your spell library was empty.

Dungeon Overview and Level Annotations

Branches:
Dungeon (5/15)             Temple (1/1) D:4

Altars:
Cheibriados
Gozag
Hepliaklqana
Kikubaaqudgha
Makhleb
Nemelex Xobeh
Okawaru
Qazlal
Ru
Sif Muna
Trog
Uskayaw
Vehumet
Wu Jian
Xom
Zin
The Shining One


Innate Abilities, Weirdness & Mutations

You have large cloven feet.
You are surrounded by a mild repulsion field. (EV +2)
Your flesh is cold resistant. (rC+)


Message History

You hit the ooze. You kick the ooze.
You kill the ooze!
Makhleb accepts your kill.
The centaur shoots an arrow.
The arrow hits you!
You see here an arrow.
The centaur unwields a +0 shortbow.
The centaur hits you.
* * * LOW HITPOINT WARNING * * *
You hit the centaur but do no damage. You block the centaur's attack.
The centaur hits you.
* * * LOW HITPOINT WARNING * * *
You slash the centaur! Your kick misses the centaur.
The centaur is heavily wounded.
The centaur hits you.
* * * LOW HITPOINT WARNING * * *
You block the centaur's attack.
You hit the centaur. You kick the centaur, but do no damage.
The centaur is severely wounded.
The centaur hits you but does no damage.
The centaur hits you.
You die...

#..?. ... #...# ..# ....
#.=.##..##### #....
#....(....... #....
+............ #...#
#............
+...#######............
#...........(.(........
#........##..@##..####.
#........##..c##..##
#...##...##.(.......
#...##...##..........
####...##.................
..)....#..................
.......#..................
.......#....##...##....
..#######...##+### ....


You could see a centaur.

Vanquished Creatures
  A bullfrog (D:3)
  A centaur zombie (D:5)
  An orc wizard (D:4)
  An iguana (D:4)
  A worker ant (D:4)
  2 adders (D:2)
  2 oozes
  An adder zombie (D:5)
  4 worms
  A dart slug (D:2)
  5 leopard geckos
  2 orcs (D:4)
  4 giant cockroaches
  6 goblins
  6 hobgoblins
  2 jackals (D:2)
  3 quokkas (D:2)
  8 bats
  5 frilled lizards
  3 kobolds
  A leopard gecko skeleton (D:4)
  A quokka skeleton (D:4)
  6 rats
67 creatures vanquished.

Notes
Turn   | Place    | Note
-------+----------+-------------------------------------------
     0 | D:1      | McKennaii the Demonspawn Fighter began the quest for the
                  | Orb.
     0 | D:1      | Reached XP level 1. HP: 18/18 MP: 1/1
   304 | D:1      | Gained mutation: You have large cloven feet. [demonic
                  | ancestry]
   304 | D:1      | Reached XP level 2. HP: 23/24 MP: 2/2
   862 | D:2      | Gained mutation: You are surrounded by a mild repulsion
                  | field. (EV +2) [demonic ancestry]
   862 | D:2      | Reached XP level 3. HP: 28/29 MP: 3/3
  1183 | D:2      | Found an iron altar of Okawaru.
  1350 | D:2      | Reached XP level 4. HP: 32/35 MP: 4/4
  1922 | D:3      | Noticed a bullfrog
  1938 | D:3      | Killed a bullfrog
  1938 | D:3      | Reached XP level 5. HP: 7/41 MP: 5/5
  2661 | D:4      | Found an opulent altar of Gozag.
  2713 | D:4      | Found a staircase to the Ecumenical Temple.
  2892 | Temple   | Entered the Ecumenical Temple
  2936 | Temple   | Became a worshipper of Makhleb the Destroyer
  3516 | D:5      | Entered Level 5 of the Dungeon
  3555 | D:5      | Gained mutation: Your flesh is cold resistant. (rC+)
                  | [demonic ancestry]
  3555 | D:5      | Reached XP level 6. HP: 48/48 MP: 6/6
  3575 | D:5      | Slain by a centaur

Skill      XL: |  1  2  3  4  5 |
---------------+----------------+-----
Armour         | 3 |  3.5
Shields        | 3 |  3.9
Long Blades    | 2 3 |  3.5
Fighting       | |  3.8
Dodging        | |  0.8
Stealth        | |  0.3

Action                   |  1- 3 |  4- 6 || total
-------------------------+-------+-------++-------
Melee: Long sword        |   108 |   117 ||   225
       Kick              |    24 |    45 ||    69
  Use: Potion            |       |     1 ||     1
  Eat: Chunk             |     2 |     3 ||     5
       Ration            |       |     1 ||     1
Armor: Scale mail        |    47 |    42 ||    89
Dodge: Dodged            |    24 |    49 ||    73
Block: Shield            |    56 |    65 ||   121
       Rpst.: Long sword |     9 |    14 ||    23
